 Dungeon Crawl Stone Soup version 0.25-b1-38-g32f9adbbe0 (webtiles) character file.

Game seed: 5746121513749240808

78476 Froggeryz the Grappler (level 15, -6/149 HPs)
             Began as a Troll Wanderer on June 7, 2020.
             Was a Follower of Ashenzari.
             Mangled by an orc warlord
             ... wielding the +6 morningstar "Lurph" {distort, *Corrode rC+ rN+ Int+10}
              (11 damage)
             ... while petrified by you
             ... on level 2 of the Orcish Mines.
             The game lasted 00:46:37 (15607 turns).

Froggeryz the Grappler (Troll Wanderer)            Turns: 15607, Time: 00:46:38

Health: -6/149     AC: 10    Str: 28    XL:     15   Next: 18%
Magic:  22/22      EV:  1    Int: 12    God:    Ashenzari [*.....]
Gold:   1760       SH:  0    Dex: 10    Spells: 23/24 levels left

rFire    . . .     SeeInvis .     - Unarmed
rCold    . . .     Gourm    +   (no shield)
rNeg     + + +     Faith    .   F - +2 robe {MR+} (curse)
rPois    ∞         Spirit   .   (helmet restricted)
rElec    .         Reflect  +   y - +1 cloak
rCorr    .         Harm     .   (gloves unavailable)
MR       ++...                  (boots unavailable)
Stlth    +++.......             B - amulet "Xuih" {Reflect SH+5 Stlth+}
HPRegen  0.74/turn              j - +6 ring of strength
MPRegen  0.18/turn              w - ring of wizardry

@: lethally poisoned (-6 -> -6), petrified, berserk cooldown, slowed
A: large, unfitting armour, claws 3, repulsion field 1, camouflage 1, dopey 1,
fast metabolism 3, gourmand, regeneration 1, shaggy fur 1, tough skin 3
a: Curse Item, Scrying, Renounce Religion


You were on level 2 of the Orcish Mines.
You worshipped Ashenzari.
Ashenzari was aware of your devotion.
You were full.

You visited 3 branches of the dungeon, and saw 13 of its levels.
You also visited: Bailey.

You collected 1794 gold pieces.
You spent 34 gold pieces at shops.

Inventory:

Hand Weapons
 I - the +2 hand axe "Coirygra" {protect, rPois rC+ MR+++ Str-3}
   (You found it on level 9 of the Dungeon)

   It grants its wielder temporary protection when it strikes (+7 to AC).
   It affects your strength (-3).
   It protects you from cold.
   It protects you from poison.
   It affects your resistance to hostile enchantments.
Missiles
 b - 4 throwing nets
 z - 4 javelins (quivered)
Armour
 o - a +2 robe of fire resistance
 y - a +1 cloak (worn)
 F - a cursed +2 robe of magic resistance (worn)
 J - a +2 robe of the Archmagi
Jewellery
 a - an uncursed ring of flight
 j - a +6 ring of strength (left claw)
 p - an uncursed ring of see invisible
 w - a ring of wizardry (right claw)
 B - the amulet "Xuih" (around neck) {Reflect SH+5 Stlth+}
   (You found it on level 8 of the Dungeon)

   [amulet of reflection]

   It shields you and reflects attacks.
   It affects your SH (+5).
   It makes you more stealthy.
Wands
 D - a wand of random effects (4)
 G - a wand of disintegration (9)
Scrolls
 e - 5 scrolls of teleportation
 h - 2 scrolls of amnesia
 i - 7 scrolls of identify
 k - a scroll of remove curse
 m - 2 scrolls of blinking
 n - 2 scrolls of enchant armour
 s - 3 scrolls of fog
 t - 4 scrolls of enchant weapon
Potions
 l - 2 potions of haste
 q - 2 potions of resistance
 r - 2 potions of flight
 v - a potion of cancellation
Comestibles
 f - 26 rations


   Skills:
 - Level 10.0 Fighting
 - Level 1.0 Axes
 - Level 1.7 Throwing
 - Level 7.1 Dodging
 - Level 14.2 Unarmed Combat
 - Level 5.4 Spellcasting
   Level 1.3 Translocations
 + Level 8.5 Transmutations
   Level 1.0 Ice Magic


You had 23 spell levels left.
You knew the following spells:

 Your Spells              Type           Power        Failure   Level  Hunger
a - Sting                 Tmut/Pois      ##..         1%          1    None

Your spell library contained the following spells:

 Spells                   Type           Power        Failure   Level  Hunger
 Corona                   Hex            #......      8%          1    None
 Foxfire                  Conj/Fire      #...         8%          1    None
 Ensorcelled Hibernation  Hex/Ice        #.....       10%         2    ##.....
 Poisonous Vapours        Pois/Air       #.....       12%         2    ##.....
 Slow                     Hex            #.......     12%         2    ##.....
 Gell's Gravitas          Tloc           #.........   13%         3    ###....
 Portal Projectile        Hex/Tloc       #.....       17%         3    ###....
 Confusing Touch          Hex            #.......     22%         3    ###....
 Conjure Flame            Conj/Fire      #.......     22%         3    ###....
 Dazzling Flash           Conj/Hex       #.....       22%         3    ###....
 Inner Flame              Hex/Fire       #.......     22%         3    ###....
 Mephitic Cloud           Conj/Pois/Air  #.......     22%         3    ###....
 Tukima's Dance           Hex            #.......     22%         3    ###....
 Cause Fear               Hex            #.........   56%         4    ####...
 Leda's Liquefaction      Hex/Erth       #.........   56%         4    ####...
 Dispersal                Tloc           #.........   99%         6    #######
 Freezing Cloud           Conj/Ice/Air   #.........   100%        6    #######
 Ring of Flames           Chrm/Fire      #.........   100%        7    #######
 Controlled Blink         Tloc           N/A          100%        8    #######
 Disjunction              Tloc           #.........   100%        8    #######


Dungeon Overview and Level Annotations

Branches:
Dungeon (10/15)            Temple (1/1) D:7            Lair (0/6) D:10
    Orc (2/2) D:10            Elf (0/3) Orc:2        Bailey (visited)

Altars:
Ashenzari
Cheibriados
Dithmenos
Elyvilon
Fedhas
Gozag
Hepliaklqana
Kikubaaqudgha
Makhleb
Nemelex Xobeh
Okawaru
Qazlal
Ru
Sif Muna
Trog
Uskayaw
Vehumet
Wu Jian
Xom
Yredelemnul
Zin
The Shining One
Beogh
Lugonu

Shops:
D:10 (   Orc:2 [*=(

Portals:
Abyss: Orc:2

Annotations:
D:8 1 runed translucent door, Froggeryz's ghost, novice GrFi


Innate Abilities, Weirdness & Mutations

You are too large for most types of armour.
You have claws for hands.
Your metabolism is lightning-fast.
You like to eat raw meat.
Your natural rate of healing is unusually fast.
You are covered in fur. (AC +1)
You have extremely tough skin. (AC +3)
You are surrounded by a mild repulsion field. (EV +2)
Your skin changes colour to match your surroundings (Stealth+).
You are dopey. (Int -2)


Message History

The orc warlord hits you with the +6 morningstar "Lurph" {distort, *Corrode rC+ rN+ Int+10}!!!
The guardian serpent hits you!
The orc warlord hits you with the +6 morningstar "Lurph" {distort, *Corrode rC+ rN+ Int+10}!
Space bends around you. The guardian serpent hits you!
The guardian serpent hits you.
The orc warlord hits you with the +6 morningstar "Lurph" {distort, *Corrode rC+ rN+ Int+10}!!
* * * LOW HITPOINT WARNING * * *
Space warps horribly around you!
* * * LOW HITPOINT WARNING * * *
The orange demon stings you from afar.
* * * LOW HITPOINT WARNING * * *
The guardian serpent hits you!!
* * * LOW HITPOINT WARNING * * *
The guardian serpent changes into a fire crab!
The orc warlord hits you with the +6 morningstar "Lurph" {distort, *Corrode rC+ rN+ Int+10}!
* * * LOW HITPOINT WARNING * * *
Space bends around you. The orange demon stings you from afar!
* * * LOW HITPOINT WARNING * * *
The orc warlord hits you with the +6 morningstar "Lurph" {distort, *Corrode rC+ rN+ Int+10}!!
You die...

##.............©......#
##..###.......####...##
##..##.###...###X.#..[###
#...#... #..##..###.....#
#...##.######.##.#.......
##...##.^....X#..##......
#....##X...#...#.##.....
##.....#t##....#...#.....
#....###@o4###....##.....
#...##..∩###.##§###......
#....#...##....#..##......
#.....#..##...###.#.##....#
#.#....##.##..##..###.#....#
#...#....#.##..#...tX{##.....
...#.....#©##..##?.####.....#
........###....####©......#.
#..........##..........


You could see an orc warlord (fast, agile), a fire crab shaped shifter, an
orange demon and a large abomination.

Vanquished Creatures
  3 orc warlords
  The ghost of jeanjacques the Martial Artist, a journeyman OpFi of Uskayaw (Orc:2)
  Josephine (D:10)
  An ettin (Orc:1)
  A great orb of eyes (shapeshifter) (Orc:2)
  Harold (D:7)
  Erica (D:9)
  2 orc high priests (Orc:1)
  Pikel (D:9)
  8 orc knights
  2 orc sorcerers (Orc:1)
  An apocalypse crab (Orc:2)
  A worldbinder (Orc:2)
  Psyche (D:9)
  Maggie (D:10)
  An ancient zyme (Orc:2)
  4 trolls
  Grinder (D:4)
  A raiju (Orc:2)
  3 hippogriffs
  Sigmund (D:4)
  A shadow (D:9)
  4 wraiths (D:10)
  7 yaks
  Menkaure (D:4)
  A large abomination (Orc:2)
  5 wargs
  A water moccasin (D:8)
  An ice beast (D:8)
  50 orc warriors
  A black bear (D:7)
  An eye of draining (D:9)
  2 phantoms (D:6)
  7 ogres
  11 centaurs
  A crocodile (D:10)
  Blork the orc (D:4)
  2 bullfrogs
  A big kobold (D:8)
  A wyvern zombie (D:8)
  2 scorpions (D:6)
  16 killer bees
  3 vampire bats (D:5)
  10 wights
  An electric eel (D:7)
  3 crimson imps
  A quasit (D:8)
  2 centaur zombies
  3 bullfrog skeletons
  4 bullfrog zombies
  2 hounds
  2 jellies
  27 orc wizards
  Crazy Yiuf (D:7)
  A centaur skeleton (D:10)
  23 orc priests
  An iguana (D:7)
  4 worker ants
  A hound zombie (D:6)
  A hound skeleton (D:7)
  A worker ant zombie (D:5)
  11 gnolls
  22 adders
  3 shadow imps
  An adder zombie (D:7)
  2 adder skeletons
  2 worms (D:3)
  A dart slug (D:1)
  13 leopard geckos
  86 orcs
  9 bats
  5 bat skeletons (D:5)
  2 bat zombies (D:5)
  6 giant cockroaches
  2 gnoll zombies (D:4)
  9 goblins
  11 hobgoblins
  14 jackals
  11 quokkas
  3 ball pythons
  5 frilled lizards
  27 kobolds
  A leopard gecko skeleton (D:6)
  3 quokka zombies
  8 rats
502 creatures vanquished.

Vanquished Creatures (others)
  A slave (D:9)
  2 orcs
  2 jackals (D:9)
  A plant (D:7)
6 creatures vanquished.

Grand Total: 508 creatures vanquished

Notes
Turn   | Place    | Note
-------+----------+-------------------------------------------
     0 | D:1      | Froggeryz the Troll Wanderer began the quest for the Orb.
     0 | D:1      | Froggeryz set off with the following items: a +0 club, a
                  | potion of curing, a +2 robe, 2 rations; and the following
                  | spell memorised: Sting; and the following spells available
                  | to memorise: Mephitic Cloud
     0 | D:1      | Reached XP level 1. HP: 19/19 MP: 0/0
   143 | D:1      | Reached skill level 1 in Unarmed Combat
   147 | D:1      | Reached XP level 2. HP: 27/27 MP: 1/1
   406 | D:1      | Reached skill level 2 in Unarmed Combat
   558 | D:1      | Reached XP level 3. HP: 33/33 MP: 2/2
  1217 | D:2      | Found a shimmering altar of Xom.
  1241 | D:2      | Found a hide-covered altar of Uskayaw.
  1369 | D:2      | Reached skill level 3 in Unarmed Combat
  1369 | D:2      | Reached XP level 4. HP: 39/41 MP: 3/3
  1901 | D:3      | Reached XP level 5. HP: 48/48 MP: 4/4
  1945 | D:3      | Reached skill level 4 in Unarmed Combat
  2299 | D:3      | Found a hazy altar of Hepliaklqana.
  2604 | D:4      | Noticed Sigmund
  2614 | D:4      | Killed Sigmund
  2614 | D:4      | Reached skill level 5 in Unarmed Combat
  2614 | D:4      | Reached XP level 6. HP: 38/55 MP: 5/5
  2651 | D:4      | Noticed Blork the orc
  2753 | D:4      | Killed Blork the orc
  2753 | D:4      | Reached skill level 6 in Unarmed Combat
  2753 | D:4      | Reached XP level 7. HP: 51/62 MP: 6/6
  2840 | D:4      | Noticed Grinder
  2851 | D:4      | Killed Grinder
  2955 | D:4      | Found a basalt altar of Yredelemnul.
  3030 | D:4      | Reached skill level 7 in Unarmed Combat
  3052 | D:4      | Noticed Menkaure
  3062 | D:4      | Killed Menkaure
  3359 | D:5      | Entered Level 5 of the Dungeon
  3382 | D:5      | Reached skill level 5 in Dodging
  3393 | D:5      | Reached XP level 8. HP: 62/70 MP: 7/7
  3586 | D:5      | Found an ancient bone altar of Kikubaaqudgha.
  3691 | D:5      | Found a glowing silver altar of Zin.
  3873 | D:6      | Reached skill level 8 in Unarmed Combat
  4458 | D:6      | Reached skill level 9 in Unarmed Combat
  4468 | D:6      | Found a stormy altar of Qazlal.
  4915 | D:6      | Reached XP level 9. HP: 73/76 MP: 8/8
  5373 | D:7      | Noticed Harold
  5432 | D:7      | Killed Harold
  5432 | D:7      | Reached skill level 10 in Unarmed Combat
  5463 | D:7      | Reached skill level 11 in Unarmed Combat
  5893 | D:7      | Found a staircase to the Ecumenical Temple.
  6057 | D:7      | Found a runed translucent door.
  6058 | D:7      | Noticed Crazy Yiuf
  6452 | D:7      | Killed Crazy Yiuf
  6541 | D:8      | Reached XP level 10. HP: 65/87 MP: 9/9
  6856 | Temple   | Entered the Ecumenical Temple
  6961 | Temple   | Became a worshipper of Ashenzari the Shackled
  7001 | D:8      | Identified the amulet "Xuih" {Reflect SH+5 Stlth+}
  7094 | D:8      | Found a runed translucent door.
  7094 | D:8      | Found a shimmering altar of Xom.
  7094 | D:8      | Noticed Froggeryz's ghost (novice GrFi)
  7094 | D:8      | Noticed a +1 trident of chaos
  7441 | D:8      | Found a radiant altar of Vehumet.
  7441 | D:8      | Found a burning altar of Makhleb.
  7492 | D:9      | Noticed Pikel
  7506 | D:8      | Reached skill level 12 in Unarmed Combat
  7567 | D:9      | Killed Pikel
  7687 | D:9      | Noticed Erica
  7951 | D:9      | Found a snail-covered altar of Cheibriados.
  8001 | D:9      | Killed Erica
  8032 | D:9      | Noticed Psyche
  8033 | D:9      | Found a white marble altar of Elyvilon.
  8043 | D:9      | Killed Psyche
  8043 | D:9      | Reached skill level 13 in Unarmed Combat
  8090 | D:9      | Found a flagged portal.
  8099 | Bailey   | Entered a bailey
  8149 | Bailey   | Noticed an orc warlord
  8237 | Bailey   | Noticed an orc knight
  8260 | Bailey   | Killed an orc knight
  8335 | Bailey   | Found a runed translucent gate.
  8336 | Bailey   | Found a runed translucent gate.
  8337 | Bailey   | Found a runed translucent gate.
  8524 | Bailey   | Killed an orc warlord
  8524 | Bailey   | Reached skill level 5 in Fighting
  8524 | Bailey   | Reached XP level 11. HP: 104/104 MP: 10/10
  8551 | Bailey   | Got the quarterstaff of Tutaclaakh {vorpal, Str+6 Int+4}
  8562 | D:9      | Got the hand axe "Coirygra" {protect, rPois rC+ MR+++
                  | Str-3}
  8571 | D:9      | Found a sparkling altar of Nemelex Xobeh.
  8664 | D:9      | Reached * piety under Ashenzari
  8817 | D:9      | Found a shimmering blue altar of Sif Muna.
  8842 | D:9      | Identified Sif Muna's Volume of the Arsonist
  8937 | D:10     | Entered Level 10 of the Dungeon
  9059 | D:10     | Reached skill level 14 in Unarmed Combat
  9204 | D:10     | Found a staircase to the Lair.
  9204 | D:10     | Found a staircase to the Orcish Mines.
  9535 | D:10     | Noticed Maggie
  9547 | D:10     | Killed Maggie
  9651 | D:10     | Found a hazy altar of Hepliaklqana.
  9652 | D:10     | Noticed Josephine
  9670 | D:10     | Killed Josephine
  9672 | D:10     | HP: 4/109 [wraith[Josephine] (3)]
  9672 | D:10     | HP: 1/109 [wraith[Josephine] (3)]
  9961 | D:10     | Found Pioluj's Antique Weapon Shop.
 10314 | Orc:1    | Entered Level 1 of the Orcish Mines
 10343 | Orc:1    | Found a roughly hewn altar of Beogh.
 10352 | Orc:1    | Noticed an orc sorcerer
 10371 | Orc:1    | Killed an orc sorcerer
 10655 | Orc:1    | Noticed an orc warlord
 10676 | Orc:1    | Killed an orc warlord
 10676 | Orc:1    | Reached XP level 12. HP: 122/122 MP: 11/11
 10952 | Orc:1    | Noticed an orc warlord
 10993 | Orc:1    | Killed an orc warlord
 11106 | Orc:1    | Noticed an orc high priest
 11449 | Orc:1    | Reached skill level 10 in Fighting
 11856 | Orc:1    | Killed an orc high priest
 11856 | Orc:1    | Reached skill level 1 in Spellcasting
 12039 | Orc:1    | Found a roughly hewn altar of Beogh.
 12039 | Orc:1    | Noticed an orc high priest
 12327 | Orc:1    | Killed an orc high priest
 12538 | Orc:2    | Entered Level 2 of the Orcish Mines
 12538 | Orc:2    | Found a staircase to the Elven Halls.
 12972 | Orc:2    | Noticed an ettin
 13861 | Orc:1    | Killed an ettin
 13861 | Orc:1    | Reached skill level 5 in Spellcasting
 14249 | Orc:2    | Found a transporter.
 14440 | Orc:2    | Reached XP level 13. HP: 130/133 MP: 20/20
 14629 | Orc:2    | Reached skill level 1 in Transmutations
 14837 | Orc:2    | Found Waept's Jewellery Emporium.
 14837 | Orc:2    | Found Hiewefe's General Store.
 14839 | Orc:2    | Found Miostroda's Armour Shop.
 14841 | Orc:2    | Found Jioble's Weapon Shoppe.
 14847 | Orc:2    | Bought a cursed -4 ring of dexterity for 34 gold pieces
 15023 | Orc:2    | Noticed jeanjacques's ghost (journeyman OpFi)
 15031 | Orc:2    | Identified the +6 morningstar "Lurph" {distort, *Corrode
                  | rC+ rN+ Int+10}
 15031 | Orc:2    | Noticed an orc warlord
 15059 | Orc:2    | Found a transporter.
 15130 | Orc:2    | Found a one-way gate to the infinite horrors of the Abyss.
 15145 | Orc:2    | Reached skill level 5 in Transmutations
 15145 | Orc:2    | Reached XP level 14. HP: 122/143 MP: 21/21
 15147 | Orc:2    | Reached XP level 15. HP: 128/149 MP: 22/22
 15158 | Orc:2    | Gained mutation: You are surrounded by a mild repulsion
                  | field. (EV +2) [potion of mutation]
 15158 | Orc:2    | Gained mutation: You are dopey. (Int -2) [potion of
                  | mutation]
 15158 | Orc:2    | Gained mutation: Your skin changes colour to match your
                  | surroundings (Stealth+). [potion of mutation]
 15351 | Orc:2    | Killed jeanjacques's ghost
 15607 | Orc:2    | HP: 5/149 [orange demon (3)]
 15607 | Orc:2    | Mangled by an orc warlord

Illustrated notes

Levels and vault maps discovered:
D:1:      minmay_arrival_widening_spiral_wide, layout_loops_corners
D:2:      layout_loops_ring, eat_drink_and_be_merry_uskayaw,
          brannock_xom_greatest_gift, first_ration, nrook_campfire
D:3:      kennysheep_six_static_rooms, layout_basic, marbit_many_paths
D:4:      layout_cave_pools, lemuel_zombie_altar_yredelemnul,
          uniq_blork_the_orc, uniq_menkaure, uniq_grinder, uniq_sigmund
D:5:      layout_rooms, kennysheep_vampire_church, old_standard_altar
D:6:      layout_basic, nicolae_qazlal_eye_of_the_storm
D:7:      layout_basic, minmay_temple_entry_from_below_a, grunt_ogre_cave,
          minmay_misc_feat_enclosed, minmay_door_square, serial_bayou_ford_a,
          chequers_serial_rivers_large_a, uniq_harold, uniq_crazy_yiuf_cottage
D:8:      layout_loops_ring, grunt_temple_overflow_lords_of_destruction,
          ebering_ghost_xom
D:9:      layout_big_octagon, cheibriados_altar_1,
          nemelex_xobeh_ov_fountains_minmay, led_sif_book, elyvilon_altar_5,
          enter_bailey_2, uniq_erica, uniq_pikel, uniq_psyche
D:10:     layout_layer_cave, lair_entry_dummy, david_orc_3, basic_altar,
          serial_shops, shop, chequers_serial_rivers_large_b, uniq_josephine,
          uniq_maggie
Temple:   kb_corrupted_temple
Orc:1:    orc_temple, layout_caves, basic_altar
Orc:2:    st_orc_rangers, layout_caves, serial_shops, nicolae_shop_crystal,
          gammafunk_ghost_abyssal_escape

Skill      XL: |  1  2  3  4  5  6  7  8  9 10 11 12 13 14 |
---------------+-------------------------------------------+-----
Unarmed Combat | 1 2 3 5 6 7 9 11 13 14 | 14.2
Dodging        | 3 4 5 6 7 |  7.1
Fighting       | 2 5 8 10 | 10.0
Spellcasting   | 5 |  5.4
Transmutations | 5 8 |  8.5
Axes           | |  1.0
Throwing       | |  1.7
Translocations | |  1.3
Ice Magic      | |  1.0

Action                   |  1- 3 |  4- 6 |  7- 9 | 10-12 | 13-15 || total
-------------------------+-------+-------+-------+-------+-------++-------
Melee: Unarmed           |   147 |   200 |   376 |   813 |   111 ||  1647
       Punch             |       |     2 |     9 |    35 |     6 ||    52
Throw: Dart              |       |     8 |       |       |       ||     8
       Javelin           |       |       |    10 |     1 |       ||    11
       Boomerang         |       |       |       |    18 |       ||    18
Invok: Curse Item        |       |       |       |     1 |       ||     1
 Abil: Evoke Flight      |       |       |       |     1 |       ||     1
Evoke: Wand              |       |       |     3 |    19 |       ||    22
       Phantom mirror    |       |       |       |       |     1 ||     1
  Use: Scroll            |       |     5 |     2 |    14 |     2 ||    23
       Potion            |       |       |     8 |    11 |     6 ||    25
 Stab: Sleeping          |       |       |       |     3 |       ||     3
       Distracted        |       |       |       |       |     2 ||     2
  Eat: Chunk             |    18 |    13 |    35 |    72 |     7 ||   145
Armor: Robe              |    76 |    77 |   131 |   198 |    30 ||   512
       Skin              |       |       |       |    20 |       ||    20
Dodge: Dodged            |   100 |   114 |   263 |   485 |    48 ||  1010
Block: Other             |       |       |       |   150 |    21 ||   171
       Reflection        |       |       |       |    26 |     4 ||    30
